 Dungeon Crawl Stone Soup version 0.22-a0-246-gdc04c06 (webtiles) character file.

1476 sankara the Cleaver (level 8, -2/74 HPs)
             Began as a Minotaur Fighter on Feb 23, 2018.
             Slain by a killer bee (7 damage)
             ... on level 7 of the Dungeon.
             The game lasted 00:10:20 (4242 turns).

sankara the Cleaver (Minotaur Fighter)              Turns: 4242, Time: 00:10:21

Health: -2/74      AC:  9    Str: 23    XL:     8   Next: 49%
Magic:  7/7        EV:  7    Int:  5    God:
Gold:   235        SH: 10    Dex: 14    Spells: 7/7 levels left

rFire    . . .     SeeInvis .   a - +0 war axe
rCold    . . .     Gourm    .   c - +0 shield
rNeg     . . .     Faith    .   m - +0 scale mail
rPois    .         Spirit   .   (helmet restricted)
rElec    .         Reflect  .   (no cloak)
rCorr    .         Harm     .   v - +1 pair of gloves
MR       .....                  (no boots)
Stlth    +.........             (no amulet)
HPRegen  0.22/turn              o - ring of stealth {Stlth+}
MPRegen  0.10/turn              n - +4 ring of dexterity

@: lethally poisoned (-2 -> -10)
A: retaliatory headbutt, horns 2
a: no special abilities


You were on level 7 of the Dungeon.
You were very hungry.

You visited 1 branch of the dungeon, and saw 7 of its levels.
You also visited: Ossuary.

You collected 235 gold pieces.

Inventory:

Hand Weapons
 a - a +0 war axe (weapon)
 b - a +0 hunting sling
   (You took it off a hobgoblin on level 1 of the Dungeon)
 A - a +0 war axe
   (You found it on level 6 of the Dungeon)
Missiles
 s - 9 curare-tipped needles
 u - 3 javelins
 w - 6 sling bullets
 x - 5 tomahawks (quivered)
 z - 81 stones
Armour
 c - a +0 shield (worn)
 m - a +0 scale mail (worn)
 v - a +1 pair of gloves (worn)
   (You found it on level 4 of the Dungeon)
Jewellery
 n - a +4 ring of dexterity (right hand)
   (You found it on level 6 of the Dungeon)
 o - a ring of stealth (left hand) {Stlth+}
   (You found it on level 2 of the Dungeon)
Wands
 y - a wand of random effects (75)
   (You found it on level 4 of the Dungeon)
 B - a wand of paralysis (11)
   (You found it on level 6 of the Dungeon)
Scrolls
 g - 5 scrolls of enchant armour
 j - 5 scrolls of remove curse
 l - 3 scrolls of teleportation
 t - 6 scrolls of identify
Potions
 d - a potion of might
 e - a potion of mutation {unknown}
 h - 4 potions of heal wounds
 i - a potion of agility {unknown}
 p - a potion of degeneration {unknown}
 q - a potion of cancellation {unknown}
 r - 7 potions of curing {unknown}
Comestibles
 f - 11 rations


   Skills:
 + Level 8.2 Fighting
 * Level 10.5 Axes
 - Level 3.6 Armour
 - Level 3.6 Shields


You had 7 spell levels left.
You didn't know any spells.

Dungeon Overview and Level Annotations

Branches:
Dungeon (7/15)
 Temple: D:4-7

Altars:
Ashenzari
Okawaru
Xom


Innate Abilities, Weirdness & Mutations

You reflexively headbutt those who attack you in melee.
You have a pair of horns on your head.


Message History

The killer bee stings you but does no damage.
A killer bee comes into view.
Firing (i - inventory. (/) - cycle)
w - 8 sling bullets (quivered)
Press: ? - help, Shift-Dir - straight line, f/p - killer bee
Aim: a killer bee (moderately wounded)
You shoot a sling bullet. The sling bullet misses the killer bee.
The sling bullet barely misses the killer bee.
The sling bullet barely misses the orc.
The killer bee barely misses you. x2
You furiously retaliate!
You headbutt the killer bee. You block the killer bee's attack.
A killer bee and an orc wizard come into view.
Firing (i - inventory. (/) - cycle)
w - 7 sling bullets (quivered)
Press: ? - help, Shift-Dir - straight line, f/p - killer bee
Aim: a killer bee (severely wounded)
You shoot a sling bullet.
The sling bullet closely misses the killer bee. x2
The killer bee buzzes angrily.
The orc wizard shouts!
The sling bullet hits the orc!
You kill the orc!
The killer bee stings you! x2
a - a +0 war axe (weapon)
The killer bee stings you but does no damage.
The killer bee stings you.
You are poisoned.
The killer bee poisons you!
You are too injured to fight recklessly!
You are too injured to fight recklessly!
You are too injured to fight recklessly!
You are too injured to fight recklessly!
You slice the killer bee!!
You kill the killer bee!
You miss the killer bee.
You feel sick. The killer bee barely misses you.
You block the killer bee's attack.
The orc wizard gestures wildly while chanting.
The orc wizard blinks!
You hit the killer bee but do no damage.
Your headbutt misses the killer bee.
The killer bee is severely wounded.
Your shield and scale mail prevent you from hitting the killer bee.
You feel sick. The killer bee barely misses you.
You hit the killer bee.
The killer bee is severely wounded.
You barely miss the killer bee.
You feel sick. The killer bee stings you.
You block the killer bee's attack. x2; The killer bee barely misses you.
The killer bee stings you but does no damage.
You hit the killer bee.
The killer bee is almost dead.
You hit the killer bee. The killer bee stings you.
You are more poisoned.
The killer bee poisons you! The killer bee stings you.
You are more poisoned.
The killer bee poisons you! You block the killer bee's attack.
The killer bee stings you but does no damage.
You hit the killer bee but do no damage.
Your headbutt misses the killer bee.
The killer bee is almost dead.
You miss the killer bee.
You feel sick. The killer bee closely misses you. The killer bee stings you!
The killer bee stings you but does no damage.
You block the killer bee's attack.
Your shield and scale mail prevent you from hitting the killer bee.
Your headbutt misses the killer bee.
The killer bee is almost dead.
You miss the killer bee.
You feel sick. The killer bee barely misses you. You furiously retaliate!
You headbutt the killer bee. The killer bee stings you.
You block the killer bee's attack. The killer bee barely misses you.
You barely miss the killer bee.
The killer bee is almost dead.
You miss the killer bee.
You feel sick. You block the killer bee's attack.
The killer bee completely misses you.
The killer bee stings you but does no damage. x2
The orc wizard gestures wildly while chanting.
The orc wizard blinks!
You block the killer bee's attack.
You miss the killer bee. Your headbutt misses the killer bee.
The killer bee is almost dead.
You hit the killer bee.
You feel sick. The killer bee stings you!
The killer bee stings you but does no damage.
You block the killer bee's attack. The killer bee misses you.
You feel sick. The killer bee stings you.
* * * LOW HITPOINT WARNING * * *
You are more poisoned.
The killer bee poisons you!
You feel sick. The killer bee stings you!
* * * LOW HITPOINT WARNING * * *
The killer bee stings you but does no damage.
The killer bee barely misses you. You furiously retaliate!
You headbutt the killer bee, but do no damage.
There is an open door here.
* * * LOW HITPOINT WARNING * * *
You feel sick.
* * * LOW HITPOINT WARNING * * *
You feel sick. You block the killer bee's attack.
* * * LOW HITPOINT WARNING * * *
You feel sick.
The killer bee stings you but does no damage.
There is a stone staircase leading up here.
* * * LOW HITPOINT WARNING * * *
You feel sick. The killer bee stings you!
You die...

......... ..>..
......... ...
........###o###
........#.....#
........#o....#
........y.....#
.......y#....##
.....yyy#######
.......@......#
..............#
..............#
########......#
......# ......#
#####.. ..


You could see 5 killer bees.

Vanquished Creatures
  A wraith (Ossuary)
  An ice beast (D:6)
  A sky beast (D:6)
  2 centaurs
  4 bullfrogs (D:6)
  A killer bee (D:7)
  A howler monkey (D:4)
  A crimson imp (D:5)
  2 hounds
  3 orc priests (D:4)
  An iguana (D:6)
  6 orc wizards
  2 big kobold zombies (Ossuary)
  A hound skeleton (D:6)
  3 mummies (Ossuary)
  A howler monkey zombie (D:5)
  3 adders
  5 gnolls
  A shadow imp (D:6)
  An adder zombie (D:6)
  An ooze (D:2)
  A worm (D:2)
  4 dart slugs
  3 leopard geckos
  12 orcs
  2 bats
  5 giant cockroaches
  A gnoll zombie (Ossuary)
  3 goblins
  12 hobgoblins
  2 ball pythons
  7 frilled lizards
  4 goblin zombies (Ossuary)
  A hobgoblin zombie (Ossuary)
  10 kobolds
  2 kobold zombies (Ossuary)
  A leopard gecko skeleton (D:4)
  5 rats
117 creatures vanquished.

Notes
Turn   | Place    | Note
-------+----------+-------------------------------------------
     0 | D:1      | sankara the Minotaur Fighter began the quest for the Orb.
     0 | D:1      | Reached XP level 1. HP: 19/19 MP: 0/0
    88 | D:1      | Reached skill level 3 in Axes
    88 | D:1      | Reached XP level 2. HP: 27/27 MP: 1/1
   103 | D:1      | Reached skill level 4 in Fighting
   485 | D:1      | Reached XP level 3. HP: 32/33 MP: 2/2
   725 | D:2      | Reached skill level 4 in Axes
   997 | D:2      | Reached XP level 4. HP: 34/41 MP: 3/3
  1605 | D:4      | Noticed a centaur
  1612 | D:4      | Killed a centaur
  1612 | D:4      | Reached skill level 5 in Fighting
  1612 | D:4      | Reached skill level 5 in Axes
  1612 | D:4      | Reached XP level 5. HP: 33/48 MP: 4/4
  1888 | D:4      | Reached skill level 6 in Axes
  2014 | D:4      | Reached XP level 6. HP: 54/56 MP: 5/5
  2178 | D:4      | Reached skill level 7 in Axes
  2338 | D:4      | Reached skill level 6 in Fighting
  2397 | D:4      | Reached XP level 7. HP: 47/63 MP: 6/6
  2594 | D:5      | Entered Level 5 of the Dungeon
  2667 | D:5      | Found a shattered altar of Ashenzari.
  2684 | D:5      | Found a sand-covered staircase.
  2695 | Ossuary  | Entered an ossuary
  2695 | Ossuary  | Noticed a wraith
  2695 | Ossuary  | Noticed a wraith
  2695 | Ossuary  | Noticed a wraith
  2753 | Ossuary  | Noticed a wraith
  2766 | Ossuary  | Killed a wraith
  2766 | Ossuary  | Reached skill level 8 in Axes
  3244 | D:6      | Reached skill level 7 in Fighting
  3252 | D:6      | Reached skill level 9 in Axes
  3365 | D:6      | Reached XP level 8. HP: 72/73 MP: 7/7
  3572 | D:6      | Found an iron altar of Okawaru.
  3580 | D:6      | Reached skill level 10 in Axes
  3634 | D:6      | Found a shimmering altar of Xom.
  3704 | D:6      | Reached skill level 8 in Fighting
  4237 | D:7      | HP: 17/74 [killer bee (5)]
  4239 | D:7      | HP: 8/74 [poisoned by a killer bee]
  4242 | D:7      | Slain by a killer bee

Vault maps used:
D:1:      dpeg_arrival_concentric_ovals, minmay_hexomino_u4
D:2:      first_ration
D:5:      lemuel_round_altar, nicolae_ossuary_entry_false_entrances,
          st_stairs_2, kennysheep_crisscross
D:6:      basic_altar, grunt_decor_mini_mirrors, okawaru_altar_gauntlet_db
D:7:      minmay_temple_entry_grid, serial_shops, shop
Ossuary:  ossuary_kennysheep_city_of_the_dead

Skill      XL: |  1  2  3  4  5  6  7  8 |
---------------+-------------------------+-----
Axes           | 3 4 5 6 7 9 10 | 10.5
Fighting       | 4 5 6 7 8 |  8.2
Armour         | |  3.6
Shields        | |  3.6

Action                   |  1- 3 |  4- 6 |  7- 9 || total
-------------------------+-------+-------+-------++-------
Melee: War axe           |   112 |   101 |   120 ||   333
       Headbutt          |    23 |    17 |    16 ||    56
 Fire: Hunting sling     |       |     9 |    11 ||    20
  Use: Scroll            |       |       |     9 ||     9
  Eat: Chunk             |     1 |     4 |     5 ||    10
Armor: Scale mail        |    44 |    36 |    51 ||   131
Dodge: Dodged            |    37 |    23 |    38 ||    98
Block: Shield            |    52 |    48 |    63 ||   163

Table legend:
 A = Spawn XP
 B = Non-spawn XP
 C = Spawn XP percentage of total XP
 D = Spawn monster count
 E = Non-spawn monster count
 F = Spawn count percentage of total count
 G = Total turns spent on level
                    A         B        C        D         E        F      G
               +---------+---------+-------+---------+---------+-------+---------
         Total |       0 |    2109 |   0.0 |       0 |     116 |   0.0 |  4242
               +---------+---------+-------+---------+---------+-------+---------
           D:1 |       0 |      44 |   0.0 |       0 |      25 |   0.0 |   695
           D:2 |       0 |      76 |   0.0 |       0 |      25 |   0.0 |   731
           D:3 |       0 |       7 |   0.0 |       0 |       3 |   0.0 |    45
           D:4 |       0 |     609 |   0.0 |       0 |      25 |   0.0 |  1123
           D:5 |       0 |     105 |   0.0 |       0 |       5 |   0.0 |   174
           D:6 |       0 |     880 |   0.0 |       0 |      18 |   0.0 |   981
           D:7 |       0 |      69 |   0.0 |       0 |       2 |   0.0 |    25
       Ossuary |       0 |     319 |   0.0 |       0 |      13 |   0.0 |   468
               +---------+---------+-------+---------+---------+-------+---------

Vault maps used:
D:1:      dpeg_arrival_concentric_ovals, minmay_hexomino_u4
D:2:      first_ration
D:5:      lemuel_round_altar, nicolae_ossuary_entry_false_entrances,
          st_stairs_2, kennysheep_crisscross
D:6:      basic_altar, grunt_decor_mini_mirrors, okawaru_altar_gauntlet_db
D:7:      minmay_temple_entry_grid, serial_shops, shop
Ossuary:  ossuary_kennysheep_city_of_the_dead

Table legend:
 A = Turns spent in this place as a percentage of turns spent in the entire game.
 B = Non-inter-level travel turns spent in this place as a percentage of non-inter-level travel turns spent in the entire game.
 C = Inter-level travel turns spent in this place as a percentage of turns spent in this place.
 D = Turns resting spent in this place as a percentage of non-inter-level travel turns spent in this place.
 E = Turns spent auto-exploring this place as a percentage of non-inter-level travel turns spent in this place.
 F = Non-inter-level travel turns spent in this place divided by the number of levels of this place that you've seen.
                   A       B       C       D       E      F
               +-------+-------+-------+-------+-------+----------------------
         Total | 100.0 | 100.0 |   3.7 |  19.8 |  59.1 | 510.8
       Dungeon |  89.0 |  88.5 |   4.1 |  20.0 |  59.0 | 516.9
       Ossuary |  11.0 |  11.5 |   0.0 |  18.6 |  59.2 | 468.0
               +-------+-------+-------+-------+-------+----------------------

Table legend:
 A = Kills in this place as a percentage of kills in entire the game.
 B = Kills by you in this place as a percentage of kills by you in the entire game.
 C = Kills by friends in this place as a percentage of kills by friends in the entire game.
 D = Other kills in this place as a percentage of other kills in the entire game.
 E = Experience gained in this place as a percentage of experience gained in the entire game.
 F = Experience gained in this place divided by the number of levels of this place that you have seen.
                   A       B       C       D       E      F
               +-------+-------+-------+-------+-------+----------------------
         Total | 100.0 | 100.0 |   N/A |   N/A | 100.0 | 263.6
       Dungeon |  88.8 |  88.8 |   N/A |   N/A |  84.9 | 255.7
       Ossuary |  11.2 |  11.2 |   N/A |   N/A |  15.1 | 319.0
               +-------+-------+-------+-------+-------+----------------------
